 Dungeon Crawl Stone Soup version 0.30-a0-55-g90e3122c3a (webtiles) character file.

Game seed: 4690202449835801068

17678 porpoise the Grappler (level 12, -2/113 HPs)
             Began as a Troll Brigand on Sept 10, 2022.
             Was a High Priest of Hepliaklqana.
             Slain by an elephant (13 damage)
             ... on level 2 of the Lair of Beasts.
             The game lasted 00:40:34 (9768 turns).

porpoise the Grappler (Troll Brigand)               Turns: 9768, Time: 00:40:34

Health: -2/113     AC:  7    Str: 22    XL:     12   Next: 21%
Magic:  13/13      EV: 13    Int:  7    God:    Hepliaklqana [*****.]
Gold:   795        SH:  0    Dex: 15    Spells: 11/11 levels left

rFire   + . .      SeeInvis .      - Unarmed
rCold   . . .      Faith    .    (no shield)
rNeg    . . .      Spirit   .    J - +2 robe {Will+}
rPois   +          Reflect  .    (helmet restricted)
rElec   .          Harm     .    a - +0 cloak
rCorr   .          Rampage  .    (gloves unavailable)
Will    +....                    (boots unavailable)
Stlth   ++........               (no amulet)
HPRegen 1.08/turn                j - ring of protection from fire
MPRegen 0.13/turn                D - ring of poison resistance

@: hasted, very quick
A: reduced essence, large, unfitting armour, claws 3, regeneration 1, shaggy fur
1, tough skin 1
a: Renounce Religion, Recall Ancestor, Ancestor Identity, Transference, Idealise


You were on level 2 of the Lair of Beasts.
You worshipped Hepliaklqana.
Hepliaklqana was extremely pleased with you.
You visited 2 branches of the dungeon, and saw 12 of its levels.

You collected 795 gold pieces.

Inventory:

Hand Weapons
 b - a +0 sling of flaming
 w - a +2 whip of venom
 I - the +5 glaive of the Guard {elec, spectral, AC+5}
   (You took it off a gnoll sergeant on level 8 of the Dungeon)

   It occasionally discharges a powerful burst of electricity upon striking a
   foe.
   When it strikes, its spirit leaps out and fights alongside the wielder.
   AC:        It affects your AC (+5).
 L - the +6 falchion of the Coward {flame, rElec rPois rC- Str+7}
   (You took it off a gnoll on level 8 of the Dungeon)

   It burns those it strikes, dealing additional fire damage.
   Big, fiery blades are also staple armaments of hydra-hunters.
   Str:       It affects your strength (+7).
   rC:        It makes you vulnerable to cold.
   rElec:     It insulates you from electricity.
   rPois:     It protects you from poison.
 M - a +1 scimitar of flaming
 W - a +1 flail of draining
Missiles
 d - 47 poisoned darts
 e - 3 curare-tipped darts
 l - 9 boomerangs
 F - 7 large rocks (quivered)
 Q - 2 javelins
 S - 2 datura-tipped darts
Armour
 a - a +0 cloak (worn)
 r - +0 steam dragon scales
 H - +0 acid dragon scales
 J - a +2 robe of willpower (worn)
Magical Staves
 C - a staff of air
 N - a staff of earth
Jewellery
 h - a ring of flight
 j - a ring of protection from fire (left claw)
 o - a +6 ring of intelligence
 y - a ring of protection from fire
 A - an amulet of magic regeneration
 D - a ring of poison resistance (right claw)
Wands
 s - a wand of flame (25)
 z - a wand of digging (8)
 R - a wand of mindburst (3)
Scrolls
 c - a scroll of torment
 g - a scroll of fear
 m - 6 scrolls of teleportation
 q - a scroll of poison
 t - 2 scrolls of magic mapping
 v - 2 scrolls of immolation
 O - a scroll of noise
 P - a scroll of fog {unknown}
 U - a scroll of amnesia
Potions
 i - 2 potions of haste
 k - 9 potions of curing
 n - 4 potions of flight
 p - 2 potions of might
 u - a potion of resistance
 x - a potion of ambrosia
 B - a potion of degeneration {unknown}
 E - 2 potions of lignification
 G - 2 potions of attraction
 K - a potion of magic
 T - a potion of mutation {unknown}


   Skills:
 + Level 9.7 Fighting
 - Level 1.5 Short Blades
 - Level 1.7 Throwing
 - Level 7.0 Dodging
 - Level 2.1 Stealth
 + Level 13.9 Unarmed Combat
 + Level 3.7 Invocations


You had 11 spell levels left.
You didn't know any spells.
Your spell library contained the following spells:

 Spells                   Type           Power      Damage    Failure   Level
 Apportation              Tloc           0%         N/A       43%         1
 Necrotise                Necr           0%         1d4       43%         1
 Static Discharge         Conj/Air       0%         3-3/arc   56%         2
 Vampiric Draining        Necr           0%         2d6       80%         3
 Dispel Undead            Necr           0%         3d6       99%         4
 Sticky Flame             Conj/Fire      0%         2d3       99%         4
 Agony                    Necr           0%         N/A       100%        5
 Alistair's Intoxication  Tmut/Pois      0%         N/A       100%        5


Dungeon Overview and Level Annotations

Branches:
Dungeon (10/15)            Temple (0/1) D:5            Lair (2/5) D:9
    Orc (0/2) D:9
  Swamp: Lair:2-3    Shoals: Lair:2-3     Snake: Lair:2-3    Spider: Lair:2-3

Altars:
Ashenzari
Dithmenos
Elyvilon
Gozag
Hepliaklqana
Nemelex Xobeh
Ru
Sif Muna
Trog
Uskayaw
Xom
Zin

Annotations:
D:3 1 runed translucent door, LnG's ghost, amateur HOFi
D:4 3 runed translucent doors, porpoise's ghost, amateur TrDe
Lair:1 1 runed translucent door, Feara's ghost, novice DsGl


Innate Abilities, Weirdness & Mutations

Your life essence is reduced to manifest your ancestor. (-10% HP)
You are too large for most types of armour.
You have claws for hands.
Your natural rate of healing is unusually fast.
You are covered in fur. (AC +1)
You have tough skin. (AC +1)


Message History

The elephant barely misses you. x2
You feel yourself speed up. The elephant closely misses you.
The elephant trunk-slaps you but does no damage.
You mangle the elephant!! You claw the elephant.
The elephant is almost dead.
The elephant tramples you!
* * * LOW HITPOINT WARNING * * *
You stumble backwards!
You scratch the elephant but do no damage.
The elephant is almost dead.
You mangle the elephant!!
You kill the elephant!
You see here an elephant corpse.
You claw the elephant!
The elephant is moderately wounded.
The elephant tramples you.
* * * LOW HITPOINT WARNING * * *
You stumble backwards!
You claw the elephant!
The elephant is heavily wounded.
You scratch the elephant. You claw the elephant.
The elephant is severely wounded.
You see here an elephant corpse.
You claw the elephant!
The elephant is severely wounded.
The elephant tramples you but does no damage.
The elephant closely misses you. The elephant tramples you.
* * * LOW HITPOINT WARNING * * *
You hold your ground!
The elephant misses you.
Bekki hits the elephant but does no damage.
Bekki drains the elephant.
Okay, then.
Unknown command.
Unknown command.
Unknown command.
Blink to where?
Press: ? - help, Dir - move target
As you read the scroll of blinking, it crumbles to dust.
The elephant tramples you!
You die...

... .... .... ###
... ....##.##..##
...........#
#........#
#........#
##.!......#
#.........#
##...@....#
#..R.Y<...###
#...#....†.P###.#
##Y####...†......
#§## ##.........
#.Y# #.........
#...# .....P#+..
.....# #...†....
. ........
##....#...


You could see the friendly Bekki the hexer and 2 elephants.

Vanquished Creatures
  A boulder beetle (D:8)
  Erica (D:8)
  A centaur warrior (D:10)
  A two-headed ogre (D:9)
  An orb spider (shapeshifter) (D:8)
  A deep elf pyromancer (D:8)
  2 cyclopes
  A manticore (D:8)
  2 elephants (Lair:2)
  2 cane toads (Lair:1)
  Maggie (D:7)
  A tengu conjurer (D:8)
  A komodo dragon (Lair:1)
  2 hornets (D:8)
  Prince Ribbit (D:7)
  4 blink frogs (Lair:1)
  A shadow (D:10)
  A wyvern (D:8)
  Grum (D:8)
  2 steam dragons
  16 yaks
  A warg (D:9)
  Edmund (D:4)
  An acid dragon (D:8)
  3 water moccasins (Lair:1)
  An ice beast (D:7)
  3 sky beasts
  3 black bears
  2 orc warriors (D:9)
  8 wolves
  2 centaurs
  2 kobold brigands
  A gnoll sergeant (D:10)
  7 bullfrogs
  2 scorpions
  7 wights (D:8)
  5 killer bees
  3 howler monkeys
  A jelly (D:7)
  An orc priest (D:9)
  2 hounds
  13 orc wizards
  5 iguanas
  Ijyb (D:3)
  A hexer (D:8)
  5 adders
  14 gnolls
  3 white imps
  4 worms
  A dart slug (D:1)
  40 orcs
  6 endoplasms
  A giant cockroach (D:4)
  11 goblins
  5 hobgoblins
  3 quokkas
  7 ball pythons
  6 bats
  A frilled lizard (D:3)
  21 kobolds
  4 rats
252 creatures vanquished.

Vanquished Creatures (collateral kills)
  A two-headed ogre (D:9)
  A komodo dragon (Lair:1)
  3 yaks
  An orc warrior (D:10)
  2 ice beasts
  2 wolves (Lair:1)
  2 bullfrogs
  A gnoll sergeant (D:8)
  2 kobold brigands
  A scorpion (D:5)
  A killer bee (D:10)
  An electric eel (D:9)
  2 hounds
  2 orc priests (D:9)
  An iguana (D:5)
  3 orc wizards
  An adder (D:5)
  A shadow imp (D:5)
  13 orcs
  A ball python (D:4)
  4 kobolds
46 creatures vanquished.

Vanquished Creatures (others)
  A warg (D:9)
  2 hexers
  21 fungi
  12 plants
36 creatures vanquished.

Grand Total: 334 creatures vanquished

Notes
Turn   | Place    | Note
-------+----------+-------------------------------------------
     0 | D:1      | porpoise the Troll Brigand began the quest for the Orb.
     0 | D:1      | Reached XP level 1. HP: 19/19 MP: 0/0
   213 | D:1      | Reached skill level 1 in Unarmed Combat
   229 | D:1      | Reached XP level 2. HP: 24/28 MP: 1/1
   507 | D:1      | You fall into a shaft and drop 1 floor!
   689 | D:2      | Reached XP level 3. HP: 34/36 MP: 2/2
   693 | D:2      | Reached skill level 2 in Unarmed Combat
   737 | D:2      | Found a faded altar of an unknown god.
  1065 | D:2      | Reached XP level 4. HP: 44/44 MP: 3/3
  1787 | D:3      | Noticed Ijyb
  1801 | D:3      | Killed Ijyb
  1802 | D:3      | Reached skill level 3 in Unarmed Combat
  1870 | D:3      | Found a hazy altar of Hepliaklqana.
  1892 | D:3      | Became a worshipper of Hepliaklqana the Forgotten
  1906 | D:3      | Found a runed translucent door.
  1907 | D:3      | Noticed LnG's ghost (amateur HOFi)
  2175 | D:3      | Found a white marble altar of Elyvilon.
  2520 | D:4      | Found a sparkling altar of Nemelex Xobeh.
  2544 | D:4      | Reached XP level 5. HP: 46/53 MP: 4/4
  2638 | D:4      | Noticed Edmund
  2653 | D:4      | Killed Edmund
  2654 | D:4      | Reached skill level 4 in Unarmed Combat
  2654 | D:4      | Reached XP level 6. HP: 12/62 MP: 5/5
  2719 | D:4      | Reached * piety under Hepliaklqana
  2816 | D:4      | Found a runed translucent gate.
  2816 | D:4      | Found a runed translucent gate.
  2817 | D:4      | Found a runed translucent gate.
  2831 | D:4      | Noticed porpoise's ghost (amateur TrDe)
  3130 | D:4      | Found a shadowy altar of Dithmenos.
  3274 | D:4      | Found a sacrificial altar of Ru.
  3521 | D:4      | Reached skill level 5 in Unarmed Combat
  3555 | D:5      | Entered Level 5 of the Dungeon
  3645 | D:5      | Reached XP level 7. HP: 60/63 MP: 6/6
  3671 | D:5      | Found a staircase to the Ecumenical Temple.
  3747 | D:5      | Found a hide-covered altar of Uskayaw.
  3836 | D:5      | Reached skill level 5 in Fighting
  3884 | D:5      | Reached ** piety under Hepliaklqana
  3885 | D:5      | Remembered your ancestor Bekki as a hexer
  3939 | D:5      | Reached skill level 6 in Unarmed Combat
  4368 | D:6      | Reached XP level 8. HP: 74/74 MP: 7/7
  4623 | D:6      | Reached *** piety under Hepliaklqana
  4647 | D:6      | Reached skill level 7 in Unarmed Combat
  5041 | D:7      | Noticed Maggie
  5049 | D:7      | Killed Maggie
  5050 | D:7      | Reached skill level 8 in Unarmed Combat
  5150 | D:7      | Reached XP level 9. HP: 67/83 MP: 8/8
  5349 | D:7      | Noticed a cyclops
  5350 | D:7      | Noticed Prince Ribbit
  5357 | D:7      | Killed a cyclops
  5364 | D:7      | Killed Prince Ribbit
  5365 | D:7      | Reached skill level 9 in Unarmed Combat
  5754 | D:8      | Noticed Grum
  5762 | D:8      | Killed Grum
  5803 | D:8      | Reached skill level 10 in Unarmed Combat
  5810 | D:8      | HP: 2/87 [hornet (9)]
  5970 | D:8      | Reached XP level 10. HP: 95/95 MP: 9/9
  5995 | D:8      | Found a broken altar of Ashenzari.
  6055 | D:8      | Noticed a deep elf pyromancer
  6060 | D:8      | Killed a deep elf pyromancer
  6168 | D:8      | Reached skill level 1 in Dodging
  6191 | D:8      | Noticed an orb spider
  6203 | D:8      | Killed an orb spider
  6357 | D:8      | Identified the +6 falchion of the Coward {flame, rElec
                  | rPois rC- Str+7}
  6394 | D:8      | Found a shimmering altar of Xom.
  6404 | D:8      | Noticed Erica
  6411 | D:8      | Killed Erica
  6412 | D:8      | Reached skill level 11 in Unarmed Combat
  6472 | D:8      | Noticed a boulder beetle
  6491 | D:8      | Noticed a manticore
  6491 | D:8      | Noticed a cyclops
  6523 | D:8      | Killed a cyclops
  6527 | D:8      | Killed a boulder beetle
  6562 | D:8      | Killed a manticore
  6673 | D:8      | Reached skill level 12 in Unarmed Combat
  6729 | D:8      | Reached **** piety under Hepliaklqana
  6790 | D:8      | Reached skill level 5 in Dodging
  6790 | D:8      | Reached XP level 11. HP: 77/103 MP: 7/10
  7246 | D:9      | Found a staircase to the Lair.
  7444 | D:9      | Noticed a two-headed ogre
  7452 | D:9      | Killed a two-headed ogre
  7526 | D:9      | Noticed a two-headed ogre
  7532 | D:9      | Killed a two-headed ogre
  7742 | D:9      | Found a shimmering blue altar of Sif Muna.
  7778 | D:9      | Reached skill level 13 in Unarmed Combat
  7906 | D:9      | Found a staircase to the Orcish Mines.
  8049 | D:10     | Entered Level 10 of the Dungeon
  8187 | D:10     | Reached ***** piety under Hepliaklqana
  8206 | D:10     | Found a glowing silver altar of Zin.
  8212 | D:10     | Found an opulent altar of Gozag.
  8298 | D:10     | Noticed a centaur warrior
  8306 | D:10     | Killed a centaur warrior
  8437 | D:10     | Found a bloodstained altar of Trog.
  8870 | Lair:1   | Entered Level 1 of the Lair of Beasts
  8920 | Lair:1   | Reached skill level 1 in Invocations
  8934 | Lair:1   | Found a runed translucent door.
  8934 | Lair:1   | Noticed Feara's ghost (novice DsGl)
  9243 | Lair:1   | Reached XP level 12. HP: 102/111 MP: 11/13
  9768 | Lair:2   | Slain by an elephant

Illustrated notes

Levels and vault maps discovered:
D:1:      denvon_arrival_planthouse, layout_rooms
D:2:      layout_basic, dreamdust_ecumenical_altar_grove
D:3:      kennysheep_the_goblin_king, layout_basic,
          mainiacjoe_overflow_boulevard, nicolae_elyvilon_peaceful_grove,
          gammafunk_ghost_grave
D:4:      layout_loops_corners, mainiacjoe_overflow_paths,
          nemelex_xobeh_ov_fountains_minmay, hangedman_ru_absence, serial_glass,
          glass_columns_c, glass_columns_b, gammafunk_ghost_necromancy,
          uniq_ijyb, uniq_edmund
D:5:      layout_basic, eat_drink_and_be_merry_uskayaw, temple_hall_moat,
          nicolae_titane
D:6:      layout_basic, st_stairs_8
D:7:      layout_loops_ring, kennysheep_generic_room_4, uniq_prince_ribbit1,
          uniq_maggie
D:8:      minmay_the_grid_octo_2x2 [minmay_the_grid_octo_77,
          minmay_the_grid_octo_checkerflower, minmay_the_grid_octo_focus,
          minmay_the_grid_octo_prize_star], layout_basic,
          overflow_temple_1_default, mainiacjoe_overflow_chevrons,
          serial_bayou_pond_a, uniq_erica, uniq_grum
D:9:      layout_roguey, mainiacjoe_overflow_small_starburst,
          erik_lair_orcish_takeover, hiddenorc1_lemuel, serial_glass,
          glass_columns_b, glass_columns_a, nrook_pool_corridor
D:10:     layout_long_grid, pdpol_temple_overflow_zin_treasury_gozag_greed,
          general_overflow_altar, minivault_19
Lair:1:   layout_cellular_growth, gammafunk_ghost_grave,
          infiniplex_staircase_pool, grunt_megastairs_3
Lair:2:   layout_chaotic_city, dummy_snake_entry

Skill      XL: |  1  2  3  4  5  6  7  8  9 10 11 12 |
---------------+-------------------------------------+-----
Unarmed Combat | 1 2 3 4 5 6 8 10 12 13 | 13.9
Fighting       | 2 3 4 5 7 8 9 |  9.7
Dodging        | 5 7 |  7.0
Invocations    | 2 3 |  3.7
Short Blades   | |  1.5
Throwing       | |  1.7
Stealth        | |  2.1

Action                   |  1- 3 |  4- 6 |  7- 9 | 10-12 || total
-------------------------+-------+-------+-------+-------++-------
Melee: Unarmed           |    82 |   152 |   182 |   298 ||   714
       Dagger            |     1 |       |       |       ||     1
       Punch             |       |     2 |     9 |    28 ||    39
 Fire: Sling             |       |     9 |       |       ||     9
Throw: Dart              |       |     8 |     3 |    19 ||    30
       Large rock        |       |       |     1 |    11 ||    12
Invok: Ancestor Identity |       |     1 |       |       ||     1
       Ancestor Life: He |       |       |     1 |       ||     1
Evoke: Wand              |       |       |       |     7 ||     7
  Use: Scroll            |       |     7 |    11 |     8 ||    26
       Potion            |       |     1 |     3 |     5 ||     9
 Stab: Sleeping          |     3 |     3 |     3 |     2 ||    11
       Confused          |       |       |     4 |     4 ||     8
       Invisible         |       |       |     1 |       ||     1
       Distracted        |       |       |       |     2 ||     2
Armor: Robe              |    28 |    39 |    35 |    70 ||   172
       Steam dragon scal |       |       |    17 |       ||    17
       Acid dragon scale |       |       |       |     2 ||     2
Dodge: Dodged            |    32 |    40 |    54 |   173 ||   299

Table legend: (Time is in decaauts)
 A = Elapsed time spent in this place.
 B = Non-inter-level travel time spent in this place.
 C = Inter-level travel time spent in this place.
 D = Time resting spent in this place.
 E = Time spent auto-exploring this place.
 F = Levels seen in this place.
 G = Mean time per level.
                   A        B        C        D        E       F      G
               +--------+--------+--------+--------+--------+-----+--------+
         Total |   9676 |   9432 |    244 |   1150 |   6240 |  12 |  806.3 |
       Dungeon |   8805 |   8612 |    193 |   1109 |   5621 |  10 |  880.5 |
          Lair |    870 |    819 |     51 |     41 |    619 |   2 |  435.0 |
               +--------+--------+--------+--------+--------+-----+--------+

Top non-repeatable levels by time:
     D:8: 1479 daAuts
     D:4: 1140 daAuts
     D:2: 931 daAuts
     D:3: 860 daAuts
  Lair:1: 837 daAuts
     D:9: 833 daAuts
    D:10: 803 daAuts
     D:7: 800 daAuts
     D:6: 740 daAuts
     D:5: 608 daAuts
     D:1: 605 daAuts
  Lair:2: 33 daAuts
